Unix NetHack Version 3.7.0-66 Work-in-progress - last build Dec 26 2022 05:50:31 (55254d10815e23f0e7c0ebc937178fe17f3ffff8,branch:master).

Game began 2022-12-25 14:20:44, ended 2022-12-26 16:17:44.

stenno, lawful female human Valkyrie

  
unexplored area
unexplored area
unexplored area
unexplored area
unexplored area
unexplored area
unexplored area
unexplored area
unexplored area
unexplored area
unexplored area
unexplored area
unexplored area
unexplored area
unexplored area
unexplored area
unexplored area
unexplored area
unexplored area
unexplored area
unexplored area
unexplored area
unexplored area
unexplored area
unexplored area
unexplored area
unexplored area
unexplored area
unexplored area
unexplored area
unexplored area
unexplored area
unexplored area
unexplored area
unexplored area
unexplored area
unexplored area
unexplored area
unexplored area
unexplored area
unexplored area
unexplored area
unexplored area
unexplored area
unexplored area
unexplored area
unexplored area
unexplored area
unexplored area
unexplored area
unexplored area
unexplored area
unexplored area
unexplored area
unexplored area
unexplored area
unexplored area
unexplored area
unexplored area
unexplored area
unexplored area
unexplored area
unexplored area
unexplored area
unexplored area
unexplored area
unexplored area
unexplored area
unexplored area
unexplored area
unexplored area
unexplored area
unexplored area
unexplored area
unexplored area
unexplored area
unexplored area
unexplored area
unexplored area
unexplored area
unexplored area
unexplored area
unexplored area
unexplored area
unexplored area
unexplored area
unexplored area
unexplored area
unexplored area
unexplored area
unexplored area
unexplored area
unexplored area
unexplored area
unexplored area
unexplored area
unexplored area
unexplored area
unexplored area
unexplored area
unexplored area
unexplored area
unexplored area
unexplored area
unexplored area
unexplored area
unexplored area
unexplored area
unexplored area
unexplored area
unexplored area
unexplored area
unexplored area
unexplored area
unexplored area
unexplored area
unexplored area
unexplored area
unexplored area
unexplored area
unexplored area
unexplored area
unexplored area
unexplored area
unexplored area
unexplored area
unexplored area
unexplored area
unexplored area
unexplored area
unexplored area
unexplored area
unexplored area
unexplored area
unexplored area
unexplored area
unexplored area
unexplored area
unexplored area
unexplored area
unexplored area
unexplored area
unexplored area
unexplored area
unexplored area
unexplored area
unexplored area
unexplored area
unexplored area
unexplored area
unexplored area
unexplored area
unexplored area
unexplored area
unexplored area
unexplored area
unexplored area
unexplored area
unexplored area
unexplored area
unexplored area
unexplored area
unexplored area
unexplored area
unexplored area
unexplored area
unexplored area
unexplored area
unexplored area
unexplored area
unexplored area
unexplored area
unexplored area
unexplored area
unexplored area
unexplored area
unexplored area
unexplored area
unexplored area
unexplored area
unexplored area
unexplored area
unexplored area
unexplored area
unexplored area
unexplored area
unexplored area
unexplored area
unexplored area
unexplored area
unexplored area
unexplored area
unexplored area
unexplored area
unexplored area
unexplored area
unexplored area
unexplored area
unexplored area
unexplored area
unexplored area
unexplored area
unexplored area
unexplored area
unexplored area
unexplored area
unexplored area
unexplored area
unexplored area
unexplored area
unexplored area
unexplored area
unexplored area
unexplored area
unexplored area
unexplored area
unexplored area
unexplored area
unexplored area
unexplored area
unexplored area
unexplored area
unexplored area
unexplored area
unexplored area
unexplored area
unexplored area
unexplored area
unexplored area
wall
wall
wall
wall
unexplored area
unexplored area
unexplored area
unexplored area
unexplored area
unexplored area
unexplored area
unexplored area
unexplored area
unexplored area
unexplored area
unexplored area
unexplored area
unexplored area
unexplored area
unexplored area
unexplored area
unexplored area
unexplored area
unexplored area
unexplored area
unexplored area
unexplored area
unexplored area
unexplored area
unexplored area
unexplored area
unexplored area
unexplored area
unexplored area
unexplored area
unexplored area
unexplored area
unexplored area
unexplored area
unexplored area
unexplored area
unexplored area
unexplored area
unexplored area
unexplored area
unexplored area
unexplored area
unexplored area
unexplored area
unexplored area
unexplored area
unexplored area
unexplored area
unexplored area
unexplored area
unexplored area
unexplored area
unexplored area
unexplored area
unexplored area
unexplored area
unexplored area
unexplored area
unexplored area
unexplored area
unexplored area
unexplored area
unexplored area
unexplored area
unexplored area
unexplored area
unexplored area
unexplored area
unexplored area
unexplored area
unexplored area
unexplored area
unexplored area
unexplored area
wall
.dark part of a room
.dark part of a room
.dark part of a room
.dark part of a room
unexplored area
unexplored area
unexplored area
unexplored area
unexplored area
unexplored area
unexplored area
unexplored area
unexplored area
unexplored area
unexplored area
unexplored area
unexplored area
unexplored area
unexplored area
unexplored area
unexplored area
unexplored area
unexplored area
unexplored area
unexplored area
unexplored area
unexplored area
unexplored area
unexplored area
unexplored area
unexplored area
unexplored area
unexplored area
unexplored area
unexplored area
unexplored area
unexplored area
unexplored area
unexplored area
unexplored area
unexplored area
unexplored area
unexplored area
unexplored area
unexplored area
unexplored area
unexplored area
unexplored area
unexplored area
unexplored area
unexplored area
unexplored area
unexplored area
unexplored area
unexplored area
unexplored area
unexplored area
unexplored area
unexplored area
unexplored area
unexplored area
unexplored area
unexplored area
unexplored area
unexplored area
unexplored area
unexplored area
unexplored area
unexplored area
unexplored area
unexplored area
unexplored area
unexplored area
unexplored area
unexplored area
unexplored area
unexplored area
unexplored area
wall
.dark part of a room
wall
.dark part of a room
wall
unexplored area
unexplored area
unexplored area
unexplored area
unexplored area
unexplored area
unexplored area
unexplored area
unexplored area
unexplored area
unexplored area
unexplored area
unexplored area
unexplored area
unexplored area
unexplored area
unexplored area
unexplored area
unexplored area
unexplored area
unexplored area
unexplored area
unexplored area
unexplored area
unexplored area
unexplored area
unexplored area
unexplored area
unexplored area
unexplored area
unexplored area
unexplored area
unexplored area
unexplored area
unexplored area
unexplored area
unexplored area
unexplored area
unexplored area
unexplored area
unexplored area
unexplored area
unexplored area
unexplored area
unexplored area
unexplored area
unexplored area
unexplored area
unexplored area
unexplored area
unexplored area
unexplored area
unexplored area
unexplored area
unexplored area
unexplored area
unexplored area
unexplored area
unexplored area
unexplored area
unexplored area
unexplored area
unexplored area
unexplored area
unexplored area
unexplored area
unexplored area
unexplored area
unexplored area
unexplored area
unexplored area
unexplored area
unexplored area
unexplored area
wall
.dark part of a room
wall
.dark part of a room
wall
unexplored area
unexplored area
unexplored area
unexplored area
unexplored area
unexplored area
unexplored area
unexplored area
unexplored area
unexplored area
unexplored area
unexplored area
unexplored area
unexplored area
unexplored area
unexplored area
unexplored area
unexplored area
unexplored area
unexplored area
unexplored area
unexplored area
unexplored area
unexplored area
unexplored area
unexplored area
unexplored area
unexplored area
unexplored area
unexplored area
unexplored area
unexplored area
unexplored area
unexplored area
unexplored area
unexplored area
unexplored area
unexplored area
unexplored area
unexplored area
unexplored area
unexplored area
unexplored area
unexplored area
unexplored area
unexplored area
unexplored area
unexplored area
unexplored area
unexplored area
unexplored area
unexplored area
unexplored area
unexplored area
unexplored area
unexplored area
unexplored area
unexplored area
unexplored area
unexplored area
unexplored area
unexplored area
unexplored area
unexplored area
unexplored area
unexplored area
unexplored area
unexplored area
unexplored area
unexplored area
unexplored area
unexplored area
unexplored area
unexplored area
wall
.dark part of a room
wall
)a knife
wall
unexplored area
unexplored area
unexplored area
unexplored area
unexplored area
unexplored area
unexplored area
unexplored area
unexplored area
unexplored area
unexplored area
unexplored area
unexplored area
unexplored area
unexplored area
unexplored area
unexplored area
unexplored area
unexplored area
unexplored area
unexplored area
unexplored area
unexplored area
unexplored area
unexplored area
unexplored area
unexplored area
unexplored area
unexplored area
unexplored area
unexplored area
unexplored area
unexplored area
unexplored area
unexplored area
unexplored area
unexplored area
unexplored area
unexplored area
unexplored area
unexplored area
unexplored area
unexplored area
unexplored area
unexplored area
unexplored area
unexplored area
unexplored area
unexplored area
unexplored area
unexplored area
unexplored area
unexplored area
unexplored area
unexplored area
unexplored area
unexplored area
unexplored area
unexplored area
unexplored area
unexplored area
unexplored area
unexplored area
unexplored area
unexplored area
unexplored area
unexplored area
unexplored area
unexplored area
unexplored area
unexplored area
unexplored area
unexplored area
unexplored area
wall
.dark part of a room
wall
.floor of a room
wall
unexplored area
unexplored area
unexplored area
unexplored area
unexplored area
unexplored area
unexplored area
unexplored area
unexplored area
unexplored area
unexplored area
unexplored area
unexplored area
unexplored area
unexplored area
unexplored area
unexplored area
unexplored area
unexplored area
unexplored area
unexplored area
unexplored area
unexplored area
unexplored area
unexplored area
unexplored area
unexplored area
unexplored area
unexplored area
unexplored area
unexplored area
unexplored area
unexplored area
unexplored area
unexplored area
unexplored area
unexplored area
unexplored area
unexplored area
unexplored area
unexplored area
unexplored area
unexplored area
unexplored area
unexplored area
unexplored area
unexplored area
unexplored area
unexplored area
unexplored area
unexplored area
unexplored area
unexplored area
unexplored area
unexplored area
unexplored area
unexplored area
unexplored area
unexplored area
unexplored area
unexplored area
unexplored area
unexplored area
unexplored area
unexplored area
unexplored area
unexplored area
unexplored area
unexplored area
unexplored area
unexplored area
unexplored area
unexplored area
unexplored area
wall
%a quantum mechanic corpse
wall
@human valkyrie called stenno
wall
unexplored area
unexplored area
unexplored area
unexplored area
unexplored area
unexplored area
unexplored area
unexplored area
unexplored area
unexplored area
unexplored area
unexplored area
unexplored area
unexplored area
unexplored area
unexplored area
unexplored area
unexplored area
unexplored area
unexplored area
unexplored area
unexplored area
unexplored area
unexplored area
unexplored area
unexplored area
unexplored area
unexplored area
unexplored area
unexplored area
unexplored area
unexplored area
unexplored area
unexplored area
unexplored area
unexplored area
unexplored area
unexplored area
unexplored area
unexplored area
unexplored area
unexplored area
unexplored area
unexplored area
unexplored area
unexplored area
unexplored area
unexplored area
unexplored area
unexplored area
unexplored area
unexplored area
unexplored area
unexplored area
unexplored area
unexplored area
unexplored area
unexplored area
unexplored area
unexplored area
unexplored area
unexplored area
unexplored area
unexplored area
unexplored area
unexplored area
unexplored area
unexplored area
unexplored area
unexplored area
unexplored area
unexplored area
unexplored area
unexplored area
wall
^bear trap
wall
Hminotaur, trapped in a pit
wall
unexplored area
unexplored area
unexplored area
unexplored area
unexplored area
unexplored area
unexplored area
unexplored area
unexplored area
unexplored area
unexplored area
unexplored area
unexplored area
unexplored area
unexplored area
unexplored area
unexplored area
unexplored area
unexplored area
unexplored area
unexplored area
unexplored area
unexplored area
unexplored area
unexplored area
unexplored area
unexplored area
unexplored area
unexplored area
unexplored area
unexplored area
unexplored area
unexplored area
unexplored area
unexplored area
unexplored area
unexplored area
unexplored area
unexplored area
unexplored area
unexplored area
unexplored area
unexplored area
unexplored area
unexplored area
unexplored area
unexplored area
unexplored area
unexplored area
unexplored area
unexplored area
unexplored area
unexplored area
unexplored area
unexplored area
unexplored area
unexplored area
unexplored area
unexplored area
unexplored area
unexplored area
unexplored area
unexplored area
unexplored area
unexplored area
unexplored area
unexplored area
unexplored area
unexplored area
unexplored area
unexplored area
unexplored area
unexplored area
unexplored area
wall
.dark part of a room
wall
unexplored
unexplored area
unexplored area
unexplored area
unexplored area
unexplored area
unexplored area
unexplored area
unexplored area
unexplored area
unexplored area
unexplored area
unexplored area
unexplored area
unexplored area
unexplored area
unexplored area
unexplored area
unexplored area
unexplored area
unexplored area
unexplored area
unexplored area
unexplored area
unexplored area
unexplored area
unexplored area
unexplored area
unexplored area
unexplored area
unexplored area
unexplored area
unexplored area
unexplored area
unexplored area
unexplored area
unexplored area
unexplored area
unexplored area
unexplored area
unexplored area
unexplored area
unexplored area
unexplored area
unexplored area
unexplored area
unexplored area
unexplored area
unexplored area
unexplored area
unexplored area
unexplored area
unexplored area
unexplored area
unexplored area
unexplored area
unexplored area
unexplored area
unexplored area
unexplored area
unexplored area
unexplored area
unexplored area
unexplored area
unexplored area
unexplored area
unexplored area
unexplored area
unexplored area
unexplored area
unexplored area
unexplored area
unexplored area
unexplored area
unexplored area
unexplored area
wall
0a boulder
wall
unexplored area
unexplored area
unexplored area
unexplored area
unexplored area
unexplored area
unexplored area
unexplored area
unexplored area
unexplored area
unexplored area
unexplored area
unexplored area
unexplored area
unexplored area
unexplored area
unexplored area
unexplored area
unexplored area
unexplored area
unexplored area
unexplored area
unexplored area
unexplored area
unexplored area
unexplored area
unexplored area
unexplored area
unexplored area
unexplored area
unexplored area
unexplored area
unexplored area
unexplored area
unexplored area
unexplored area
unexplored area
unexplored area
unexplored area
unexplored area
unexplored area
unexplored area
unexplored area
unexplored area
unexplored area
unexplored area
unexplored area
unexplored area
unexplored area
unexplored area
unexplored area
unexplored area
unexplored area
unexplored area
unexplored area
unexplored area
unexplored area
unexplored area
unexplored area
unexplored area
unexplored area
unexplored area
unexplored area
unexplored area
unexplored area
unexplored area
unexplored area
unexplored area
unexplored area
unexplored area
unexplored area
unexplored area
unexplored area
unexplored area
unexplored area
unexplored area
wall
wall
wall
unexplored area
unexplored area
unexplored area
unexplored area
unexplored area
unexplored area
unexplored area
unexplored area
unexplored area
unexplored area
unexplored area
unexplored area
unexplored area
unexplored area
unexplored area
unexplored area
unexplored area
unexplored area
unexplored area
unexplored area
unexplored area
unexplored area
unexplored area
unexplored area
unexplored area
unexplored area
unexplored area
unexplored area
unexplored area
unexplored area
unexplored area
unexplored area
unexplored area
unexplored area
unexplored area
unexplored area
unexplored area
unexplored area
unexplored area
unexplored area
unexplored area
unexplored area
unexplored area
unexplored area
unexplored area
unexplored area
unexplored area
unexplored area
unexplored area
unexplored area
unexplored area
unexplored area
unexplored area
unexplored area
unexplored area
unexplored area
unexplored area
unexplored area
unexplored area
unexplored area
unexplored area
unexplored area
unexplored area
unexplored area
unexplored area
unexplored area
unexplored area
unexplored area
unexplored area
unexplored area
unexplored area
unexplored area
unexplored area
unexplored area
unexplored area
unexplored area
unexplored area
unexplored area
unexplored area
unexplored area
unexplored area
unexplored area
unexplored area
unexplored area
unexplored area
unexplored area
unexplored area
unexplored area
unexplored area
unexplored area
unexplored area
unexplored area
unexplored area
unexplored area
unexplored area
unexplored area
unexplored area
unexplored area
unexplored area
unexplored area
unexplored area
unexplored area
unexplored area
unexplored area
unexplored area
unexplored area
unexplored area
unexplored area
unexplored area
unexplored area
unexplored area
unexplored area
unexplored area
unexplored area
unexplored area
unexplored area
unexplored area
unexplored area
unexplored area
unexplored area
unexplored area
unexplored area
unexplored area
unexplored area
unexplored area
unexplored area
unexplored area
unexplored area
unexplored area
unexplored area
unexplored area
unexplored area
unexplored area
unexplored area
unexplored area
unexplored area
unexplored area
unexplored area
unexplored area
unexplored area
unexplored area
unexplored area
unexplored area
unexplored area
unexplored area
unexplored area
unexplored area
unexplored area
unexplored area
unexplored area
unexplored area
unexplored area
unexplored area
unexplored area
unexplored area
unexplored area
unexplored area
unexplored area
unexplored area
unexplored area
unexplored area
unexplored area
unexplored area
unexplored area
unexplored area
unexplored area
unexplored area
unexplored area
unexplored area
unexplored area
unexplored area
unexplored area
unexplored area
unexplored area
unexplored area
unexplored area
unexplored area
unexplored area
unexplored area
unexplored area
unexplored area
unexplored area
unexplored area
unexplored area
unexplored area
unexplored area
unexplored area
unexplored area
unexplored area
unexplored area
unexplored area
unexplored area
unexplored area
unexplored area
unexplored area
unexplored area
unexplored area
unexplored area
unexplored area
unexplored area
unexplored area
unexplored area
unexplored area
unexplored area
unexplored area
unexplored area
unexplored area
unexplored area
unexplored area
unexplored area
unexplored area
unexplored area
unexplored area
unexplored area
unexplored area
unexplored area
unexplored area
unexplored area
unexplored area
unexplored area
unexplored area
unexplored area
unexplored area
unexplored area
unexplored area
unexplored area
unexplored area
unexplored area
unexplored area
unexplored area
unexplored area
unexplored area
unexplored area
unexplored area
unexplored area
unexplored area
unexplored area
unexplored area
unexplored area
unexplored area
unexplored area
unexplored area
unexplored area
unexplored area
unexplored area
unexplored area
unexplored area
unexplored area
unexplored area
unexplored area
unexplored area
unexplored area
unexplored area
unexplored area
unexplored area
unexplored area
unexplored area
unexplored area
unexplored area
unexplored area
unexplored area
unexplored area
unexplored area
unexplored area
unexplored area
unexplored area
unexplored area
unexplored area
unexplored area
unexplored area
unexplored area
unexplored area
unexplored area
unexplored area
unexplored area
unexplored area
unexplored area
unexplored area
unexplored area
unexplored area
unexplored area
unexplored area
unexplored area
unexplored area
unexplored area
unexplored area
unexplored area
unexplored area
unexplored area
unexplored area
unexplored area
unexplored area
unexplored area
unexplored area
unexplored area
unexplored area
unexplored area
unexplored area
unexplored area
unexplored area
unexplored area
unexplored area
unexplored area
unexplored area
unexplored area
unexplored area
unexplored area
unexplored area
unexplored area
unexplored area
unexplored area
unexplored area
unexplored area
unexplored area
unexplored area
unexplored area
unexplored area
unexplored area
unexplored area
unexplored area
unexplored area
unexplored area
unexplored area
unexplored area
unexplored area
unexplored area
unexplored area
unexplored area
unexplored area
unexplored area
unexplored area
unexplored area
unexplored area
unexplored area
unexplored area
unexplored area
unexplored area
unexplored area
unexplored area
unexplored area
unexplored area
unexplored area
unexplored area
unexplored area
unexplored area
unexplored area
unexplored area
unexplored area
unexplored area
unexplored area
unexplored area
unexplored area
unexplored area
unexplored area
unexplored area
unexplored area
unexplored area
unexplored area
unexplored area
unexplored area
unexplored area
unexplored area
unexplored area
unexplored area
unexplored area
unexplored area
unexplored area
unexplored area
unexplored area
unexplored area
unexplored area
unexplored area
unexplored area
unexplored area
unexplored area
unexplored area
unexplored area
unexplored area
unexplored area
unexplored area
unexplored area
unexplored area
unexplored area
unexplored area
unexplored area
unexplored area
unexplored area
unexplored area
unexplored area
unexplored area
unexplored area
unexplored area
unexplored area
unexplored area
unexplored area
unexplored area
unexplored area
unexplored area
unexplored area
unexplored area
unexplored area
unexplored area
unexplored area
unexplored area
unexplored area
unexplored area
unexplored area
unexplored area
unexplored area
unexplored area
unexplored area
unexplored area
unexplored area
unexplored area
unexplored area
unexplored area
unexplored area
unexplored area
unexplored area
unexplored area
unexplored area
unexplored area
unexplored area
unexplored area
unexplored area
unexplored area
unexplored area
unexplored area
unexplored area
unexplored area
unexplored area
unexplored area
unexplored area
unexplored area
unexplored area
unexplored area
unexplored area
unexplored area
unexplored area
unexplored area
unexplored area
unexplored area
unexplored area
unexplored area
unexplored area
unexplored area
unexplored area
unexplored area
unexplored area
unexplored area
unexplored area
unexplored area
unexplored area
unexplored area
unexplored area
unexplored area
unexplored area
unexplored area
unexplored area
unexplored area
unexplored area
unexplored area
unexplored area
unexplored area
unexplored area
unexplored area
unexplored area
unexplored area
unexplored area
unexplored area
unexplored area
unexplored area
unexplored area
unexplored area
unexplored area
unexplored area
unexplored area
unexplored area
unexplored area
unexplored area
unexplored area
unexplored area
unexplored area
unexplored area
unexplored area
unexplored area
unexplored area
unexplored area
unexplored area
unexplored area
unexplored area
unexplored area
unexplored area
unexplored area
unexplored area
unexplored area
unexplored area
unexplored area
unexplored area
unexplored area
unexplored area
unexplored area
unexplored area
unexplored area
unexplored area
unexplored area
unexplored area
unexplored area
unexplored area
unexplored area
unexplored area
unexplored area
unexplored area
unexplored area
unexplored area
unexplored area
unexplored area
unexplored area
unexplored area
unexplored area
unexplored area
unexplored area
unexplored area
unexplored area
unexplored area
unexplored area
unexplored area
unexplored area
unexplored area
unexplored area
unexplored area
unexplored area
unexplored area
unexplored area
unexplored area
unexplored area
unexplored area
unexplored area
unexplored area
unexplored area
unexplored area
unexplored area
unexplored area
unexplored area
unexplored area
unexplored area
unexplored area
unexplored area
unexplored area
unexplored area
unexplored area
unexplored area
unexplored area
unexplored area
unexplored area
unexplored area
unexplored area
unexplored area
unexplored area
unexplored area
unexplored area
unexplored area
unexplored area
unexplored area
unexplored area
unexplored area
unexplored area
unexplored area
unexplored area
unexplored area
unexplored area
unexplored area
unexplored area
unexplored area
unexplored area
unexplored area
unexplored area
unexplored area
unexplored area
unexplored area
unexplored area
unexplored area
unexplored area
unexplored area
unexplored area
unexplored area
unexplored area
unexplored area
unexplored area
unexplored area
unexplored area
unexplored area
unexplored area
unexplored area
unexplored area
unexplored area
unexplored area
unexplored area
unexplored area
unexplored area
unexplored area
unexplored area
unexplored area
unexplored area
unexplored area
unexplored area
unexplored area
unexplored area
unexplored area
unexplored area
unexplored area
unexplored area
unexplored area
unexplored area
unexplored area
unexplored area
unexplored area
unexplored area
unexplored area
unexplored area
unexplored area
unexplored area
unexplored area
unexplored area
unexplored area
unexplored area
unexplored area
unexplored area
unexplored area
unexplored area
unexplored area
unexplored area
unexplored area
unexplored area
unexplored area
unexplored area
unexplored area
[Stenno the Woman-at-arms ] St:25 Dx:16 Co:18 In:9 Wi:7 Ch:8 Lawful Dlvl:26 $:0 HP:0(106) Pw:29(29) AC:-3 Xp:11 T:12804

Latest messages:

You are caught in a bear trap.
You are caught in a bear trap.
You are caught in a bear trap.
You are caught in a bear trap.
You are caught in a bear trap.
You are caught in a bear trap.
You are caught in a bear trap.
You finally wriggle free.
You see here a quantum mechanic corpse.
You hear some noises in the distance.
What do you want to use or apply? [bdhkoqruz or ?*] h
H - an uncursed ring called 3 coral tc/x.
v - an uncursed ring called 3 granite.
What do you want to put on? [bvH or ?*] H
H - an uncursed ring called 3 coral tc/x (on left hand).
It is hit.
What do you want to put on? [bv or ?*] b
You are now wearing a blindfold.
You can't see any more.
A mysterious force prevents you from teleporting!
It is missed.
It is missed.
It misses.
You hear some noises in the distance.
What do you want to remove? [betH or ?*] b
You were wearing an uncursed blindfold.
You can see again.
You see here a knife.
The rust monster strikes at your displaced image and misses you!
You hit the rust monster!
You kill the rust monster!
The minotaur falls into a pit!
You hit the minotaur!
The minotaur hits!
The minotaur hits!
The minotaur butts!
The minotaur hits!
The minotaur hits!
The minotaur butts!
You hit the minotaur!
The minotaur hits it.
The minotaur hits it.
You hit the minotaur!
The minotaur hits!
The minotaur hits!
The minotaur butts!
The minotaur hits!
The minotaur hits!
You die...
Do you want your possessions identified? [ynq] (y) q

Inventory:

Amulets

e - an uncursed amulet of guarding (being worn)

Weapons

a - the blessed rustproof +0 Excalibur (weapon in hand)

Armor

I - an uncursed thoroughly rusty +0 dwarvish iron helm (being worn)
R - an uncursed thoroughly rusty +2 pair of gauntlets of power (being worn)
L - an uncursed +0 pair of jumping boots (being worn)
U - an uncursed +0 shield of reflection (being worn)
S - an uncursed +0 cloak of displacement (being worn)
C - an uncursed -1 dwarvish mithril-coat (being worn)

Comestibles

r - 11 uncursed lumps of royal jelly
w - an uncursed lizard corpse

Rings

H - an uncursed ring of conflict (on left hand)
v - an uncursed ring of polymorph control
t - an uncursed ring of teleport control (on right hand)

Wands

d - an uncursed wand of digging (0:1)
z - an uncursed wand of lightning (0:3)

Tools

h - a blessed bag of holding containing 76 items
o - an uncursed bag of tricks (0:0)
b - an uncursed blindfold
k - an uncursed skeleton key
u - an uncursed +0 unicorn horn

Gems/Stones

q - an uncursed touchstone
Z - an uncursed rock

Contents of the bag of holding:

5924 gold pieces
a cursed amulet of strangulation
an uncursed +0 dagger
an uncursed +0 elven spear
an uncursed +1 spear
an uncursed +0 pair of elven boots
a blessed +1 elven cloak
an uncursed +0 elven cloak
an uncursed burnt +0 dwarvish cloak
4 uncursed wands of wishing
an uncursed C-ration
2 uncursed food rations
an uncursed fortune cookie
an uncursed K-ration
an uncursed lembas wafer
an uncursed sprig of wolfsbane
an uncursed tripe ration
a blessed scroll of genocide
an uncursed scroll of food detection
a blessed scroll of blank paper
3 uncursed scrolls of blank paper
2 cursed scrolls of blank paper
an uncursed scroll of confuse monster
an uncursed scroll of destroy armor
a blessed scroll of magic mapping
an uncursed scroll of magic mapping
2 uncursed scrolls of gold detection
2 uncursed scrolls of create monster
2 uncursed scrolls of remove curse
3 uncursed scrolls of enchant armor
2 uncursed scrolls of earth
an uncursed scroll of enchant weapon
2 cursed scrolls of teleportation
2 uncursed potions of confusion
a blessed potion of gain ability
an uncursed potion of gain ability
an uncursed potion of full healing
a cursed potion of full healing
a blessed potion of enlightenment
an uncursed potion of object detection
a cursed potion of object detection
2 uncursed potions of blindness
2 uncursed potions of hallucination
2 uncursed potions of monster detection
an uncursed potion of booze
4 potions of holy water
an uncursed ring of protection from shape changers
a cursed -3 ring of adornment
an uncursed ring of invisibility
a cursed -2 ring of gain constitution
a cursed -2 ring of gain constitution
a cursed -1 ring of gain constitution
an uncursed ring of cold resistance
an uncursed ring of slow digestion
an uncursed +1 ring of increase accuracy
an uncursed ring of searching
an uncursed ring of free action
an uncursed +0 ring of increase damage
a cursed ring of teleportation
a cursed ring of polymorph
an uncursed ring of polymorph control
an uncursed wand of light (0:14)
an uncursed wand of nothing (0:9)
an uncursed wand of speed monster (0:2)
an uncursed wand of enlightenment (0:13)
an uncursed wand of magic missile (0:1)
an uncursed wand of secret door detection (0:12)
an uncursed wand of teleportation (0:6)
an uncursed wooden flute
an uncursed oil lamp
an uncursed tin whistle
an uncursed skeleton key
an uncursed tin opener
2 uncursed worthless pieces of blue glass
an uncursed worthless piece of violet glass
an uncursed opal

Stenno the Valkyrie's attributes:


Background:

You were a Woman-at-arms, a level 11 human Valkyrie.
You were lawful, on a mission for Tyr
who was opposed by Odin (neutral) and Loki (chaotic).
You were in the Dungeons of Doom, on level 26.
You entered the dungeon 12804 turns ago.
You had 14864 experience points, 5136 more were needed to attain level 12.

Basics:

You had 0 out of 106 hit points.
You had all 29 energy points (spell power).
Your armor class was -3.
Your wallet was empty, but
you had 5924 zorkmids stashed away in your pack.
Autopickup was on for '$/=?!' plus thrown.

FinalCharacteristics:

Your strength was 25 (base:18/03, innate limit:18/100).
Your dexterity was 16 (limit:18).
Your constitution was 18 (limit:18).
Your intelligence was 9 (limit:18).
Your wisdom was 7 (limit:18).
Your charisma was 8 (limit:18).

Final Status:

You were not hungry.
You were unencumbered.
You were wielding a long sword.
You had expert skill with long sword.

Final Attributes:

You were piously aligned.
You were cold resistant.
You were poison resistant.
You were level-drain resistant.
You were telepathic.
You had automatic searching.
You were displaced.
You were stealthy.
You caused conflict.
You could jump.
You could teleport.
You had teleport control.
You had a small defense bonus (+2).
You were protected.
You were fast.
You had reflection.
You are dead.

Miscellaneous:
You disabled loading of bones levels.
Total elapsed playing time was 1 hour, 56 minutes and 13 seconds.

Major events:

Turn

1: stenno the lawful human Valkyrie entered the dungeon
248: entered the Gnomish Mines
616: attained the rank of Skirmisher (level 3)
1373: reached Mine Town
2766: attained the rank of Fighter (level 6)
4150: endured an absurd aquatic ceremony, and now wields Excalibur
4465: entered Sokoban
4692: completed 1st Sokoban level
5204: completed 2nd Sokoban level
5602: completed 3rd Sokoban level
6461: completed 4th Sokoban level
6553: acquired the Sokoban bag of holding
9672: attained the rank of Woman-at-arms (level 10)
10763: found Demonbane on the floor
12804: killed by a minotaur

Vanquished creatures:

a storm giant
an Olog-hai
3 captains
a lich
a nurse
a ghost
a queen bee
5 giant mimics
a long worm
an ogre tyrant
2 ice trolls
an umber hulk
2 large mimics
a wumpus
a stalker
a giant mummy
a xorn
4 giant zombies
a sergeant
a warg
7 small mimics
a glass piercer
2 warhorses
3 xans
3 ogre leaders
2 quantum mechanics
2 wood golems
3 gelatinous cubes
a pyrolisk
a freezing sphere
2 flaming spheres
a tiger
2 tengu
an energy vortex
2 elf mummies
a red naga
2 pit vipers
a cobra
a wraith
a carnivorous ape
3 ettin zombies
2 leather golems
a soldier
2 chameleons
a crocodile
2 giant beetles
a quivering blob
a cockatrice
a wolf
2 lynxes
5 gremlins
2 leprechauns
a mumak
2 giant spiders
a horse
2 vampire bats
a forest centaur
an ogre
3 rust monsters
3 owlbears
a yeti
2 gold golems
3 Green-elves
3 lizards
2 dogs
a housecat
a jaguar
a blue jelly
a gray unicorn
2 dust vortices
2 ravens
a plains centaur
a gnome mummy
2 snakes
7 water moccasins
9 apes
a rope golem
4 Woodland-elves
a soldier ant
5 fire ants
a bugbear
an imp
a quasit
a mountain nymph
8 Uruk-hai
an orc shaman
a rock piercer
5 rock moles
3 ponies
4 fog clouds
2 yellow lights
a shrieker
5 gnome leaders
a gnomish wizard
3 gray oozes
2 elf zombies
a ghoul
2 paper golems
3 giant ants
3 little dogs
5 floating eyes
2 kittens
7 dwarves
4 homunculi
2 hill orcs
8 rothes
a rabid rat
3 giant bats
a monkey
2 orc zombies
3 werejackals
an iguana
31 killer bees
an acid blob
a coyote
3 hobbits
a manes
2 hobgoblins
a giant rat
4 cave spiders
2 yellow molds
24 gnomes
4 geckos
6 jackals
3 foxes
a kobold
a goblin
7 sewer rats
4 grid bugs
a bat
3 lichens
3 kobold zombies
8 newts
356 creatures vanquished.
No species were genocided or became extinct.

Voluntary challenges:

You read items or engraved 6 times.
You never engraved Elbereth.
You never genocided any monsters.
You never polymorphed an object.
You never changed form.
You used no wishes.
You did not violate any of the special Sokoban rules.

Achievements:

You entered the Gnomish Mines.
You attained the rank of Skirmisher.
You entered Minetown.
You entered a shop.
You entered a temple.
You attained the rank of Fighter.
You entered Sokoban.
You completed Sokoban.
You attained the rank of Woman-at-arms.

The Dungeons of Doom: levels 1 to 26

   Level 1:
Level 2:
Some fountains.
Stairs down to The Gnomish Mines.
Level 3:
Level 4: "ALL the rings"
A jewelers.
Level 5:
Level 6:
Oracle of Delphi.
Level 7:
A general store.
Stairs up to Sokoban, level 6.
Level 8:
Some fountains.
Level 9:
An armor shop.
Level 10:
A weapon shop.
Level 11:
A fountain.
Level 12:
Some graves.
Level 13:
A temple, some fountains, a grave.
Summoned by the Norn.
Portal to The Quest.
Level 14:
Level 15:
Some fountains, a grave.
Level 16:
Level 17:
Level 18:
A primitive area.
Level 19:
Level 20:
Level 21:
Many graves.
Level 22:
A fountain, some sinks.
Level 23:
An altar to Tyr, a fountain.
Level 24:
Level 25:
Level 26: <- You were here.
Final resting place for
you, killed by a minotaur.

The Gnomish Mines: levels 3 to 5

   Level 3:
Level 4:
Level 5:
Many shops, a temple, some fountains.

The Quest:

   Level 1:
A fountain.
Home.

Sokoban: levels 6 up to 3

   Level 3:
Solved.
Level 4:
Solved.
Level 5:
Solved.
Level 6:
Solved.

Game over:

----------
/ \
/ REST \
/ IN \
/ PEACE \
/ \
| stenno |
| 5924 Au |
| killed by a |
| minotaur |
| |
| |
| 2022 |
*| * * * | *
_________)/\\_//(\/(/\)/\//\/|_)_______

Farvel stenno the Valkyrie...


You died in The Dungeons of Doom on dungeon level 26 with 70398 points,
and 5924 pieces of gold, after 12804 moves.
You were level 11 with a maximum of 106 hit points when you died.